 Dungeon Crawl Stone Soup version 0.28.0 (webtiles) character file.

Game seed: 15172456738747752881

7 Prodoman the Magician (level 1, -1/13 HPs)
             Began as a Demonspawn Hedge Wizard on Feb 4, 2022.
             Slain by a kobold (4 damage)
             ... on level 1 of the Dungeon.
             The game lasted 00:01:28 (252 turns).

Prodoman the Magician (Demonspawn Hedge Wizard)      Turns: 252, Time: 00:01:29

Health: -1/13      AC:  2    Str: 10    XL:     1   Next: 83%
Magic:  0/4        EV: 12    Int: 15    God:
Gold:   10         SH:  0    Dex: 12    Spells: 5/6 levels left

rFire   . . .      SeeInvis .   a - +0 dagger
rCold   . . .      Faith    .   (no shield)
rNeg    . . .      Spirit   .   b - +0 robe
rPois   .          Reflect  .   c - +0 hat
rElec   .          Harm     .   (no cloak)
rCorr   .          Rampage  .   (no gloves)
Will    .....                   (no boots)
Stlth   ++........              (no amulet)
HPRegen 0.04/turn               (no ring)
MPRegen 0.09/turn               (no ring)

@: no status effects
A: no striking features
a: no special abilities


You were on level 1 of the Dungeon.
You visited 1 branch of the dungeon, and saw 1 of its levels.

You collected 10 gold pieces.

Inventory:

Hand Weapons
 a - a +0 dagger (weapon)
Armour
 b - a +0 robe (worn)
 c - a +0 hat (worn)
Scrolls
 d - 2 scrolls of identify
Potions
 e - a potion of haste


   Skills:
 + Level 1.8 Dodging
 + Level 1.9 Stealth
 + Level 3.0 Spellcasting
 + Level 1.1 Conjurations
 + Level 1.2 Summonings
 + Level 1.0 Translocations


You had 5 spell levels left.
You knew the following spells:

 Your Spells              Type           Power      Damage    Failure   Level
a - Magic Dart            Conj           20%        1d4       12%         1

Your spell library contained the following spells:

 Spells                   Type           Power      Damage    Failure   Level
 Call Imp                 Summ           5%         N/A       19%         2
 Slow                     Hex            8%         N/A       21%         1
 Blink                    Tloc           10%        N/A       21%         2
 Conjure Flame            Conj/Fire      4%         6-21      43%         3
 Mephitic Cloud           Conj/Pois/Air  3%         N/A       45%         3


Dungeon Overview and Level Annotations

Branches:
Dungeon (1/15)

Altars:


Message History

The endoplasm is severely wounded.
Casting: Magic Dart (safe; 12% risk of failure)
Confirm with . or Enter, or press ? or * to list all spells.
You don't have enough magic to cast this spell.
Hit: a) +0 dagger
Press: ? - help, Dir - move target, f/p - endoplasm
Aim: an endoplasm (severely wounded, about 14% to evade your +0 dagger)
You hit the endoplasm.
You kill the endoplasm!
Unknown command.
Hit: a) +0 dagger
Press: ? - help, Dir - move target, f - kobold
Aim: a kobold, wielding a +1 dagger of flaming and quivering stones (about 45% to evade your +0 dagger)
You closely miss the kobold.
A goblin comes into view. It is wielding a +0 club.
The kobold hits you with a +1 dagger of flaming.
The kobold burns you.
Hit: a) +0 dagger
Press: ? - help, Dir - move target, f/p - kobold
Aim: a kobold, wielding a +1 dagger of flaming and quivering stones (about 45% to evade your +0 dagger)
You miss the kobold.
The kobold hits you with a +1 dagger of flaming.
The kobold burns you.
Your magical contamination has completely faded away.
Hit: a) +0 dagger
Press: ? - help, Dir - move target, f/p - kobold
Aim: a kobold, wielding a +1 dagger of flaming and quivering stones (about 45% to evade your +0 dagger)
You barely miss the kobold. The hobgoblin misses you.
The kobold hits you with a +1 dagger of flaming.
The kobold burns you.
Casting: Magic Dart (safe; 12% risk of failure)
Confirm with . or Enter, or press ? or * to list all spells.
You don't know that spell.
As you read the scroll labelled NOROUG DONY, it crumbles to dust.
It is a scroll of identify.
e - a potion of haste The hobgoblin hits you.
* * * LOW HITPOINT WARNING * * *
The kobold hits you with a +1 dagger of flaming.
You die...

... .# ..# .### # ... ..(..
.## #.# ..... $....#......
.. .# .#.##.#.#.§§○.. . #§##
......Kg§§§§§.♣♣. §§.#
#.##@#§§⌠.♣..♣♣.§.##
#.#..#♣§♣.♣8.8.♣♣.§ #.#.##
♣§♣8...8♣.♣ #.#.#♣
♣.8..∩..8.♣
#....♣.♣8.......8♣ .###
#.##......∩.<.§§§♣♣
....###.###♣♣.8.....§§8.♣♣#
#.....#..♣.♣♣8..∩..8§♣..#
...##....#..#.♣♣.8...8♣§♣♣##


You could see a hobgoblin and a kobold.

Vanquished Creatures
  A dart slug (D:1)
  An endoplasm (D:1)
  2 goblins (D:1)
  A rat (D:1)
5 creatures vanquished.

Notes
Turn   | Place    | Note
-------+----------+-------------------------------------------
     0 | D:1      | Prodoman the Demonspawn Hedge Wizard began the quest for
                  | the Orb.
     0 | D:1      | Reached XP level 1. HP: 13/13 MP: 4/4
   115 | D:1      | Reached skill level 1 in Translocations
   252 | D:1      | Slain by a kobold

Illustrated notes

Levels and vault maps discovered:
D:1:      heliophobic_arrival_enchanted_forest, layout_rooms,
          grunt_decor_resistance

Skill      XL: |  1 |
---------------+----+-----
Translocations | 1 |  1.0
Dodging        | |  1.8
Stealth        | |  1.9
Spellcasting   | |  3.0
Conjurations   | |  1.1
Summonings     | |  1.2

Action                   || total
-------------------------++-------
Melee: Dagger            ||     8
 Cast: Magic Dart        ||    11
  Use: Scroll            ||     1
Dodge: Dodged            ||     4
